[ AOE2 MATCH · #479001444 ]
Team RMRomans vs Berbers
[ REPLAY ANALYSIS · EXTRACTED FROM THE RECORDED GAME ]
Feudal
14:07
Castle
17:54
Imperial
—
| APM avg | 18.0 |
| APM peak | 45 |
| eAPM avg | 12.2 |
| Villagers / military | 55 / 12 |
Focus
⚔️ 15.8% · 🌾 84.2%
Knight ×11 · Monk ×1
Feudal
12:44
Castle
18:52
Imperial
—
| APM avg | 26.9 |
| APM peak | 55 |
| eAPM avg | 16.5 |
| Villagers / military | 149 / 3 |
Focus
⚔️ 9.5% · 🌾 90.5%
Scout Cavalry ×3
Feudal
14:04
Castle
—
Imperial
—
| APM avg | 29.1 |
| APM peak | 80 |
| eAPM avg | 13.2 |
| Villagers / military | 40 / 14 |
Focus
⚔️ 26.4% · 🌾 73.6%
Archer ×7 · Spearman ×4 · Militia ×2 · Skirmisher ×1
Feudal
12:24
Castle
16:57
Imperial
—
| APM avg | 46.4 |
| APM peak | 120 |
| eAPM avg | 13.9 |
| Villagers / military | 53 / 47 |
Focus
⚔️ 41.6% · 🌾 58.4%
Cavalry Archer ×47
Feudal
15:15
Castle
18:54
Imperial
23:52
| APM avg | 21.2 |
| APM peak | 58 |
| eAPM avg | 11.9 |
| Villagers / military | 35 / 19 |
Focus
⚔️ 26.6% · 🌾 73.4%
Hand Cannoneer ×17 · Spearman ×2
Feudal
14:46
Castle
18:58
Imperial
—
| APM avg | 16.2 |
| APM peak | 50 |
| eAPM avg | 9.0 |
| Villagers / military | 40 / 2 |
Focus
⚔️ 30.6% · 🌾 69.4%
Spearman ×1 · Skirmisher ×1
Feudal
11:12
Castle
23:51
Imperial
—
| APM avg | 25.9 |
| APM peak | 51 |
| eAPM avg | 13.4 |
| Villagers / military | 65 / 7 |
Focus
⚔️ 19.7% · 🌾 80.3%
Scout Cavalry ×7
Feudal
14:03
Castle
17:44
Imperial
—
| APM avg | 19.4 |
| APM peak | 67 |
| eAPM avg | 10.4 |
| Villagers / military | 47 / 7 |
Focus
⚔️ 28.1% · 🌾 71.9%
Camel Archer ×5 · Spearman ×2
Match map
Initial resources + every placement click. Lines = walls · curves = elevation contours. ◆ gold · ⬟ stone · ● berries · ✦ relic · ◌ wall gap
Your base· Open — unwalled flank
安心's base· Open — 7t gap
KING SPARTACUS's base· Open — unwalled flank
AeiRei's base· Open — unwalled flank
Guts's base· Open — 8t gap
Baratticus's base· Open — 12t gap
我在帝国里面修仙's base· Open — 9t gap
Requi3m's base· Open — 8t gap
Smoothed initial terrain · ◌ = detected wall gap · hover for details
Inputs per minute
— Dance Jimmy Dance! - - 安心
Build order — Dance Jimmy Dance!
132 actions detected in the replay
| 0:36 | Build | Town Center |
| 2:44 | Create | Villager (Male) |
| 2:45 | Create | Villager (Male) |
| 2:45 | Create | Villager (Male) |
| 2:45 | Create | Villager (Male) |
| 2:45 | Create | Villager (Male) |
| 2:48 | Build | House |
| 4:03 | Create | Villager (Male) |
| 4:03 | Create | Villager (Male) |
| 4:35 | Build | Lumber Camp |
| 4:43 | Create | Villager (Male) |
| 4:43 | Create | Villager (Male) |
| 4:55 | Build | House |
| 5:41 | Create | Villager (Male) |
| 5:42 | Create | Villager (Male) |
| 5:42 | Create | Villager (Male) |
| 5:43 | Create | Villager (Male) |
| 6:12 | Build | Mill |
| 6:39 | Create | Villager (Male) |
| 6:43 | Create | Villager (Male) |
| 7:27 | Build | House |
| 7:40 | Create | Villager (Male) |
| 7:58 | Create | Villager (Male) |
| 8:23 | Build | Mill |
| 8:34 | Create | Villager (Male) |
| 8:43 | Create | Villager (Male) |
| 8:55 | Build | House |
| 9:07 | Build | Farm |
| 9:21 | Create | Villager (Male) |
| 9:35 | Create | Villager (Male) |
| 9:54 | Create | Villager (Male) |
| 10:40 | Create | Villager (Male) |
| 10:46 | Create | Villager (Male) |
| 10:49 | Research | Loom |
| 11:06 | Create | Villager (Male) |
| 11:06 | Create | Villager (Male) |
| 11:25 | Build | Palisade Wall |
| 11:39 | Build | Mining Camp |
| 11:46 | Research | Feudal Age |
| 11:46 | Research | Feudal Age |
| 12:59 | Build | House |
| 13:28 | Create | Villager (Male) |
| 14:07 | Age | Feudal Age |
| 14:08 | Build | Blacksmith |
| 14:12 | Build | Market |
| 14:23 | Create | Villager (Male) |
| 15:14 | Research | Castle Age |
| 15:15 | Research | Castle Age |
| 15:40 | Build | Barracks |
| 15:45 | Research | Double-Bit Axe |
| 15:45 | Research | Double-Bit Axe |
| 15:46 | Research | Horse Collar |
| 16:04 | Build | Stable |
| 16:09 | Build | Stable |
| 16:48 | Create | Villager (Male) |
| 16:58 | Build | House |
| 17:54 | Age | Castle Age |
| 18:16 | Build | Palisade Wall |
| 18:18 | Create | Knight |
| 18:19 | Create | Knight |
| 18:25 | Create | Villager (Male) |
| 18:33 | Build | Town Center |
| 18:42 | Build | Farm |
| 18:43 | Build | Farm |
| 18:45 | Create | Knight |
| 18:45 | Create | Knight |
| 18:58 | Create | Villager (Male) |
| 19:12 | Create | Villager (Male) |
| 19:12 | Create | Villager (Male) |
| 20:50 | Build | Farm |
| 20:51 | Build | Farm |
| 20:52 | Build | Farm |
| 20:53 | Build | Farm |
| 20:54 | Build | Farm |
| 20:57 | Build | Farm |
| 20:59 | Build | Lumber Camp |
| 21:04 | Create | Knight |
| 21:05 | Create | Knight |
| 21:05 | Create | Knight |
| 21:05 | Create | Knight |
| 21:19 | Build | Farm |
| 21:31 | Create | Villager (Male) |
| 21:31 | Create | Villager (Male) |
| 21:53 | Create | Villager (Male) |
| 22:00 | Create | Villager (Male) |
| 22:00 | Create | Villager (Male) |
| 24:58 | Research | Wheelbarrow |
| 25:02 | Create | Villager (Male) |
| 25:02 | Create | Villager (Male) |
| 25:03 | Create | Villager (Male) |
| 25:05 | Build | Lumber Camp |
| 25:18 | Build | Monastery |
| 25:25 | Research | Bow Saw |
| 25:25 | Research | Heavy Plow |
| 25:26 | Research | Heavy Plow |
| 25:26 | Research | Heavy Plow |
| 25:56 | Research | Gold Mining |
| 25:56 | Research | Stone Mining |
| 26:00 | Build | Farm |
| 26:03 | Build | Farm |
| 26:05 | Create | Monk |
| 26:06 | Create | Villager (Male) |
| 26:06 | Create | Villager (Male) |
| 26:06 | Create | Villager (Male) |
| 26:07 | Create | Villager (Male) |
| 26:10 | Build | Farm |
| 26:24 | Research | Town Watch |
| 26:29 | Build | House |
| 26:29 | Build | House |
| 26:30 | Build | House |
| 26:31 | Build | House |
| 26:55 | Create | Knight |
| 26:56 | Create | Knight |
| 26:56 | Create | Knight |
| 27:04 | Create | Villager (Male) |
| 27:04 | Create | Villager (Male) |
| 27:04 | Create | Villager (Male) |
| 27:17 | Create | Villager (Male) |
| 27:17 | Create | Villager (Male) |
| 27:22 | Build | House |
| 27:44 | Create | Villager (Male) |
| 27:46 | Build | Farm |
| 27:57 | Build | Palisade Wall |
| 27:59 | Create | Villager (Male) |
| 28:05 | Build | Farm |
| 28:14 | Create | Villager (Male) |
| 28:22 | Build | University |
| 28:32 | Build | Farm |
| 28:37 | Create | Villager (Male) |
| 28:41 | Build | Farm |
| 28:45 | Create | Villager (Male) |
| 28:57 | Build | Farm |
Build order — 安心
First 150 of 253 actions detected
| 0:17 | Build | Town Center |
| 0:25 | Build | House |
| 2:44 | Create | Villager (Male) |
| 2:44 | Create | Villager (Male) |
| 2:45 | Create | Villager (Male) |
| 2:45 | Create | Villager (Male) |
| 2:45 | Create | Villager (Male) |
| 3:49 | Build | House |
| 3:57 | Create | Villager (Male) |
| 3:57 | Create | Villager (Male) |
| 4:25 | Build | House |
| 4:29 | Create | Villager (Male) |
| 5:22 | Create | Villager (Male) |
| 5:22 | Create | Villager (Male) |
| 5:23 | Create | Villager (Male) |
| 5:37 | Build | House |
| 6:01 | Build | Lumber Camp |
| 6:24 | Create | Villager (Male) |
| 6:24 | Create | Villager (Male) |
| 6:27 | Create | Villager (Male) |
| 6:31 | Create | Villager (Male) |
| 7:24 | Create | Villager (Male) |
| 7:26 | Create | Villager (Male) |
| 7:27 | Create | Villager (Male) |
| 7:47 | Create | Villager (Male) |
| 7:55 | Build | House |
| 8:18 | Create | Villager (Male) |
| 8:23 | Build | Mining Camp |
| 8:32 | Create | Villager (Male) |
| 8:40 | Create | Villager (Male) |
| 8:55 | Create | Villager (Male) |
| 9:19 | Create | Villager (Male) |
| 9:31 | Create | Villager (Male) |
| 9:34 | Build | Mining Camp |
| 9:42 | Research | Loom |
| 9:44 | Create | Villager (Male) |
| 9:46 | Research | Loom |
| 10:03 | Build | Mill |
| 10:19 | Research | Feudal Age |
| 11:20 | Create | Villager (Male) |
| 12:05 | Build | Barracks |
| 12:28 | Create | Villager (Male) |
| 12:44 | Age | Feudal Age |
| 12:47 | Create | Villager (Male) |
| 12:56 | Research | Double-Bit Axe |
| 13:05 | Create | Villager (Male) |
| 13:38 | Build | Stable |
| 13:39 | Create | Villager (Male) |
| 14:02 | Build | House |
| 14:20 | Create | Scout Cavalry |
| 14:39 | Create | Scout Cavalry |
| 14:57 | Create | Scout Cavalry |
| 15:03 | Create | Villager (Male) |
| 15:11 | Build | House |
| 15:35 | Build | House |
| 15:42 | Build | Blacksmith |
| 15:45 | Create | Villager (Male) |
| 16:27 | Research | Castle Age |
| 16:27 | Research | Castle Age |
| 17:05 | Create | Villager (Male) |
| 17:27 | Research | Double-Bit Axe |
| 18:07 | Create | Villager (Male) |
| 18:33 | Create | Villager (Male) |
| 18:47 | Create | Villager (Male) |
| 18:52 | Age | Castle Age |
| 19:10 | Create | Villager (Male) |
| 19:28 | Build | House |
| 19:29 | Build | Palisade Wall |
| 19:31 | Build | Palisade Wall |
| 20:04 | Build | Lumber Camp |
| 20:27 | Create | Villager (Male) |
| 20:36 | Build | Castle |
| 21:00 | Create | Villager (Male) |
| 21:19 | Create | Villager (Male) |
| 21:38 | Build | Town Center |
| 21:41 | Create | Villager (Male) |
| 21:51 | Create | Villager (Male) |
| 22:00 | Research | Horse Collar |
| 22:17 | Build | Mill |
| 22:28 | Build | Mill |
| 23:10 | Build | Town Center |
| 23:19 | Build | Farm |
| 23:20 | Build | Farm |
| 23:22 | Build | Farm |
| 23:25 | Build | Farm |
| 23:30 | Build | Farm |
| 23:32 | Build | Farm |
| 23:33 | Create | Villager (Male) |
| 23:34 | Create | Villager (Male) |
| 23:48 | Create | Villager (Male) |
| 24:01 | Build | Farm |
| 24:02 | Create | Villager (Male) |
| 24:16 | Create | Villager (Male) |
| 24:19 | Build | Farm |
| 24:20 | Build | Farm |
| 24:22 | Build | Farm |
| 24:24 | Build | Farm |
| 24:25 | Build | Farm |
| 24:28 | Build | Farm |
| 24:29 | Build | Farm |
| 24:30 | Create | Villager (Male) |
| 24:46 | Build | Town Center |
| 24:47 | Create | Villager (Male) |
| 24:47 | Create | Villager (Male) |
| 25:04 | Create | Villager (Male) |
| 25:04 | Create | Villager (Male) |
| 25:14 | Build | Farm |
| 25:15 | Build | Farm |
| 25:20 | Build | Farm |
| 25:21 | Build | Farm |
| 25:22 | Create | Villager (Male) |
| 25:25 | Create | Villager (Male) |
| 25:27 | Create | Villager (Male) |
| 25:44 | Build | Farm |
| 25:45 | Build | Farm |
| 25:46 | Build | Farm |
| 25:47 | Build | Farm |
| 25:50 | Create | Villager (Male) |
| 25:50 | Create | Villager (Male) |
| 25:51 | Create | Villager (Male) |
| 25:55 | Create | Villager (Male) |
| 25:56 | Create | Villager (Male) |
| 25:59 | Create | Villager (Male) |
| 26:06 | Create | Villager (Male) |
| 26:15 | Create | Villager (Male) |
| 26:18 | Create | Villager (Male) |
| 26:19 | Create | Villager (Male) |
| 26:31 | Create | Villager (Male) |
| 26:32 | Create | Villager (Male) |
| 26:36 | Create | Villager (Male) |
| 26:39 | Create | Villager (Male) |
| 26:50 | Build | Town Center |
| 27:00 | Create | Villager (Male) |
| 27:00 | Create | Villager (Male) |
| 27:01 | Create | Villager (Male) |
| 27:05 | Create | Villager (Male) |
| 27:06 | Create | Villager (Male) |
| 27:09 | Create | Villager (Male) |
| 27:12 | Create | Villager (Male) |
| 27:20 | Create | Villager (Male) |
| 27:21 | Create | Villager (Male) |
| 27:23 | Create | Villager (Male) |
| 27:23 | Create | Villager (Male) |
| 27:33 | Create | Villager (Male) |
| 27:33 | Create | Villager (Male) |
| 27:38 | Create | Villager (Male) |
| 27:39 | Create | Villager (Male) |
| 27:42 | Build | House |
| 27:42 | Build | House |
| 27:43 | Build | House |
Build order — KING SPARTACUS
97 actions detected in the replay
| 1:19 | Build | Town Center |
| 3:09 | Create | Villager (Male) |
| 3:10 | Create | Villager (Male) |
| 3:10 | Create | Villager (Male) |
| 3:10 | Create | Villager (Male) |
| 4:41 | Create | Villager (Male) |
| 4:41 | Create | Villager (Male) |
| 5:18 | Create | Villager (Male) |
| 5:40 | Create | Villager (Male) |
| 5:46 | Create | Villager (Male) |
| 6:02 | Build | Lumber Camp |
| 6:04 | Create | Villager (Male) |
| 6:18 | Create | Villager (Male) |
| 6:31 | Create | Villager (Male) |
| 8:04 | Create | Villager (Male) |
| 8:27 | Create | Villager (Male) |
| 8:30 | Build | Mill |
| 8:57 | Create | Villager (Male) |
| 9:21 | Create | Villager (Male) |
| 9:26 | Create | Villager (Male) |
| 9:49 | Create | Villager (Male) |
| 10:14 | Create | Villager (Male) |
| 10:18 | Build | Barracks |
| 11:03 | Create | Villager (Male) |
| 11:10 | Research | Feudal Age |
| 11:13 | Create | Villager (Male) |
| 11:21 | Research | Loom |
| 11:22 | Research | Feudal Age |
| 11:25 | Create | Militia |
| 11:32 | Create | Militia |
| 13:23 | Build | Mining Camp |
| 13:32 | Build | Palisade Wall |
| 13:41 | Build | Palisade Wall |
| 13:42 | Build | Palisade Gate |
| 13:50 | Build | Palisade Wall |
| 13:51 | Build | Palisade Wall |
| 14:01 | Build | Palisade Wall |
| 14:02 | Build | Palisade Wall |
| 14:03 | Build | Palisade Wall |
| 14:04 | Age | Feudal Age |
| 14:07 | Create | Villager (Male) |
| 14:07 | Create | Villager (Male) |
| 14:12 | Build | Archery Range |
| 14:20 | Build | Blacksmith |
| 14:24 | Create | Villager (Male) |
| 14:33 | Research | Horse Collar |
| 14:35 | Research | Double-Bit Axe |
| 14:43 | Create | Villager (Male) |
| 14:47 | Create | Skirmisher |
| 14:57 | Research | Fletching |
| 15:01 | Research | Padded Archer Armor |
| 15:03 | Create | Spearman |
| 15:33 | Create | Villager (Male) |
| 15:40 | Create | Archer |
| 15:41 | Create | Archer |
| 15:46 | Build | Farm |
| 15:53 | Create | Spearman |
| 15:59 | Build | Farm |
| 16:04 | Build | Farm |
| 16:13 | Create | Villager (Male) |
| 16:26 | Create | Villager (Male) |
| 16:27 | Create | Archer |
| 16:35 | Build | Farm |
| 16:39 | Build | Farm |
| 16:43 | Build | Farm |
| 16:46 | Build | Farm |
| 16:49 | Build | Farm |
| 16:58 | Create | Villager (Male) |
| 17:00 | Build | Farm |
| 17:03 | Build | Farm |
| 17:05 | Create | Villager (Male) |
| 17:08 | Build | Farm |
| 17:13 | Build | Farm |
| 17:20 | Create | Villager (Male) |
| 17:23 | Create | Archer |
| 17:34 | Create | Spearman |
| 17:38 | Build | Farm |
| 17:40 | Create | Villager (Male) |
| 17:41 | Create | Archer |
| 17:41 | Create | Archer |
| 18:03 | Create | Villager (Male) |
| 18:09 | Build | Farm |
| 18:13 | Create | Villager (Male) |
| 18:21 | Research | Wheelbarrow |
| 18:23 | Build | Farm |
| 18:24 | Create | Archer |
| 18:33 | Research | Gold Mining |
| 18:48 | Build | Farm |
| 18:57 | Create | Spearman |
| 19:02 | Create | Villager (Male) |
| 20:01 | Create | Villager (Male) |
| 20:04 | Build | Palisade Gate |
| 20:10 | Create | Villager (Male) |
| 20:16 | Create | Villager (Male) |
| 20:33 | Create | Villager (Male) |
| 20:49 | Create | Villager (Male) |
| 20:55 | Build | Market |
Build order — AeiRei
130 actions detected in the replay
| 0:05 | Build | Town Center |
| 2:15 | Create | Villager (Male) |
| 2:15 | Create | Villager (Male) |
| 2:16 | Create | Villager (Male) |
| 2:16 | Create | Villager (Male) |
| 3:51 | Create | Villager (Male) |
| 4:13 | Build | Lumber Camp |
| 4:15 | Create | Villager (Male) |
| 4:42 | Create | Villager (Male) |
| 4:42 | Create | Villager (Male) |
| 4:42 | Create | Villager (Male) |
| 5:26 | Create | Villager (Male) |
| 5:51 | Create | Villager (Male) |
| 6:03 | Create | Villager (Male) |
| 6:14 | Create | Villager (Male) |
| 6:57 | Create | Villager (Male) |
| 7:13 | Create | Villager (Male) |
| 7:37 | Create | Villager (Male) |
| 8:34 | Create | Villager (Male) |
| 8:34 | Create | Villager (Male) |
| 9:13 | Create | Villager (Male) |
| 9:16 | Build | Mill |
| 9:30 | Research | Loom |
| 9:41 | Build | Mining Camp |
| 10:12 | Research | Feudal Age |
| 11:19 | Build | Barracks |
| 11:35 | Create | Villager (Male) |
| 11:35 | Create | Villager (Male) |
| 12:24 | Age | Feudal Age |
| 12:31 | Build | Archery Range |
| 12:51 | Build | Blacksmith |
| 13:14 | Create | Villager (Male) |
| 14:17 | Research | Castle Age |
| 15:07 | Create | Villager (Male) |
| 15:11 | Build | Archery Range |
| 15:27 | Create | Villager (Male) |
| 15:33 | Research | Fletching |
| 16:57 | Age | Castle Age |
| 16:58 | Research | Bodkin Arrow |
| 17:00 | Create | Cavalry Archer |
| 17:00 | Create | Cavalry Archer |
| 17:08 | Create | Cavalry Archer |
| 17:08 | Create | Cavalry Archer |
| 17:12 | Build | University |
| 17:37 | Create | Cavalry Archer |
| 17:37 | Create | Cavalry Archer |
| 18:05 | Create | Cavalry Archer |
| 18:05 | Create | Cavalry Archer |
| 18:06 | Create | Villager (Male) |
| 18:07 | Create | Villager (Male) |
| 18:09 | Research | Padded Archer Armor |
| 18:16 | Build | Stable |
| 18:34 | Create | Villager (Male) |
| 19:07 | Create | Villager (Male) |
| 19:14 | Build | Mill |
| 19:30 | Research | Ballistics |
| 19:40 | Create | Cavalry Archer |
| 19:40 | Create | Cavalry Archer |
| 19:47 | Create | Villager (Male) |
| 19:56 | Create | Villager (Male) |
| 20:34 | Create | Villager (Male) |
| 20:36 | Create | Cavalry Archer |
| 20:36 | Create | Cavalry Archer |
| 20:54 | Create | Cavalry Archer |
| 20:54 | Create | Cavalry Archer |
| 21:29 | Create | Villager (Male) |
| 21:29 | Create | Villager (Male) |
| 21:37 | Create | Cavalry Archer |
| 21:37 | Create | Cavalry Archer |
| 21:38 | Create | Villager (Male) |
| 21:56 | Create | Cavalry Archer |
| 21:56 | Create | Cavalry Archer |
| 22:41 | Create | Cavalry Archer |
| 22:41 | Create | Cavalry Archer |
| 22:51 | Create | Villager (Male) |
| 22:51 | Create | Villager (Male) |
| 22:55 | Build | Farm |
| 22:57 | Build | Farm |
| 22:57 | Build | Farm |
| 22:57 | Build | Farm |
| 23:07 | Create | Cavalry Archer |
| 23:40 | Create | Villager (Male) |
| 23:41 | Create | Cavalry Archer |
| 23:42 | Create | Cavalry Archer |
| 23:42 | Create | Villager (Male) |
| 23:43 | Create | Villager (Male) |
| 24:44 | Create | Cavalry Archer |
| 24:44 | Create | Cavalry Archer |
| 24:44 | Create | Cavalry Archer |
| 24:45 | Create | Villager (Male) |
| 24:45 | Create | Villager (Male) |
| 24:54 | Create | Cavalry Archer |
| 24:54 | Create | Cavalry Archer |
| 25:23 | Create | Cavalry Archer |
| 25:23 | Create | Cavalry Archer |
| 25:24 | Create | Villager (Male) |
| 25:24 | Create | Villager (Male) |
| 25:43 | Create | Cavalry Archer |
| 25:43 | Create | Cavalry Archer |
| 26:19 | Create | Cavalry Archer |
| 26:20 | Create | Cavalry Archer |
| 26:26 | Create | Villager (Male) |
| 26:26 | Create | Villager (Male) |
| 26:45 | Create | Cavalry Archer |
| 26:46 | Create | Cavalry Archer |
| 26:46 | Create | Villager (Male) |
| 26:47 | Create | Villager (Male) |
| 27:21 | Create | Cavalry Archer |
| 27:21 | Create | Cavalry Archer |
| 28:19 | Create | Cavalry Archer |
| 28:19 | Create | Cavalry Archer |
| 28:26 | Create | Cavalry Archer |
| 28:26 | Create | Cavalry Archer |
| 28:41 | Build | Stable |
| 28:44 | Build | Mining Camp |
| 28:46 | Create | Villager (Male) |
| 28:46 | Create | Villager (Male) |
| 28:51 | Research | Leather Archer Armor |
| 29:17 | Create | Cavalry Archer |
| 29:17 | Create | Cavalry Archer |
| 29:29 | Research | Bloodlines |
| 29:30 | Research | Husbandry |
| 29:39 | Create | Villager (Male) |
| 29:39 | Create | Villager (Male) |
| 30:51 | Create | Villager (Male) |
| 30:51 | Create | Villager (Male) |
| 31:18 | Create | Cavalry Archer |
| 31:18 | Create | Cavalry Archer |
| 31:39 | Create | Cavalry Archer |
| 31:39 | Research | Thumb Ring |
Build order — Guts
100 actions detected in the replay
| 0:24 | Build | Town Center |
| 2:37 | Create | Villager (Male) |
| 2:38 | Create | Villager (Male) |
| 2:38 | Create | Villager (Male) |
| 2:38 | Create | Villager (Male) |
| 2:45 | Build | House |
| 4:26 | Create | Villager (Male) |
| 4:27 | Create | Villager (Male) |
| 4:27 | Create | Villager (Male) |
| 5:14 | Create | Villager (Male) |
| 5:14 | Create | Villager (Male) |
| 5:15 | Create | Villager (Male) |
| 5:15 | Create | Villager (Male) |
| 5:19 | Build | House |
| 5:36 | Create | Villager (Male) |
| 5:36 | Create | Villager (Male) |
| 6:21 | Create | Villager (Male) |
| 6:22 | Create | Villager (Male) |
| 6:22 | Create | Villager (Male) |
| 6:23 | Create | Villager (Male) |
| 6:23 | Create | Villager (Male) |
| 7:06 | Build | House |
| 7:15 | Build | Mill |
| 7:32 | Research | Loom |
| 7:58 | Create | Villager (Male) |
| 8:06 | Build | Mill |
| 8:25 | Create | Villager (Male) |
| 9:11 | Create | Villager (Male) |
| 9:16 | Build | House |
| 9:28 | Create | Villager (Male) |
| 9:30 | Build | House |
| 9:53 | Create | Villager (Male) |
| 10:16 | Create | Villager (Male) |
| 10:46 | Build | Mill |
| 10:48 | Create | Villager (Male) |
| 10:50 | Create | Villager (Male) |
| 10:56 | Build | House |
| 11:57 | Create | Villager (Male) |
| 12:05 | Create | Villager (Male) |
| 12:37 | Build | Mining Camp |
| 13:05 | Research | Feudal Age |
| 13:54 | Create | Villager (Male) |
| 13:54 | Create | Villager (Male) |
| 15:15 | Age | Feudal Age |
| 15:17 | Build | Blacksmith |
| 15:22 | Build | Market |
| 15:26 | Build | Blacksmith |
| 16:14 | Research | Castle Age |
| 16:14 | Research | Castle Age |
| 16:14 | Research | Castle Age |
| 16:24 | Build | House |
| 16:41 | Create | Villager (Male) |
| 16:42 | Create | Villager (Male) |
| 17:23 | Build | Palisade Wall |
| 17:33 | Build | House |
| 17:35 | Build | Palisade Wall |
| 17:38 | Build | House |
| 17:41 | Build | House |
| 17:50 | Build | Palisade Wall |
| 17:51 | Build | Palisade Wall |
| 17:53 | Build | Palisade Wall |
| 18:02 | Build | Palisade Wall |
| 18:19 | Build | Barracks |
| 18:21 | Build | Palisade Wall |
| 18:35 | Build | Palisade Wall |
| 18:37 | Build | Palisade Wall |
| 18:54 | Age | Castle Age |
| 19:14 | Create | Spearman |
| 19:47 | Create | Villager (Male) |
| 19:52 | Build | University |
| 19:58 | Build | Monastery |
| 20:08 | Create | Villager (Male) |
| 20:12 | Create | Spearman |
| 20:42 | Research | Imperial Age |
| 20:42 | Research | Imperial Age |
| 21:59 | Build | Archery Range |
| 22:14 | Build | House |
| 22:53 | Create | Villager (Male) |
| 23:50 | Build | Archery Range |
| 23:52 | Age | Imperial Age |
| 23:56 | Research | Chemistry |
| 25:41 | Create | Hand Cannoneer |
| 25:41 | Create | Hand Cannoneer |
| 25:46 | Research | Padded Archer Armor |
| 25:54 | Build | Archery Range |
| 26:30 | Create | Hand Cannoneer |
| 26:30 | Create | Hand Cannoneer |
| 26:45 | Create | Hand Cannoneer |
| 27:01 | Create | Hand Cannoneer |
| 27:01 | Create | Hand Cannoneer |
| 27:01 | Create | Hand Cannoneer |
| 27:01 | Create | Hand Cannoneer |
| 27:37 | Create | Hand Cannoneer |
| 27:37 | Create | Hand Cannoneer |
| 28:24 | Create | Hand Cannoneer |
| 28:24 | Create | Hand Cannoneer |
| 28:25 | Create | Hand Cannoneer |
| 29:34 | Create | Hand Cannoneer |
| 29:34 | Create | Hand Cannoneer |
| 29:45 | Create | Hand Cannoneer |
Build order — Baratticus
72 actions detected in the replay
| 0:40 | Build | Town Center |
| 0:51 | Build | House |
| 3:01 | Create | Villager (Male) |
| 3:01 | Create | Villager (Male) |
| 3:01 | Create | Villager (Male) |
| 3:02 | Create | Villager (Male) |
| 3:03 | Create | Villager (Male) |
| 4:19 | Research | Loom |
| 4:41 | Create | Villager (Male) |
| 4:41 | Create | Villager (Male) |
| 5:33 | Build | House |
| 5:38 | Create | Villager (Male) |
| 5:38 | Create | Villager (Male) |
| 6:14 | Create | Villager (Male) |
| 6:14 | Create | Villager (Male) |
| 6:53 | Build | House |
| 7:10 | Create | Villager (Male) |
| 7:10 | Create | Villager (Male) |
| 7:11 | Create | Villager (Male) |
| 7:18 | Build | Mill |
| 7:29 | Create | Villager (Male) |
| 7:29 | Create | Villager (Male) |
| 7:45 | Create | Villager (Male) |
| 8:00 | Create | Villager (Male) |
| 8:25 | Create | Villager (Male) |
| 8:48 | Create | Villager (Male) |
| 8:49 | Create | Villager (Male) |
| 9:07 | Build | House |
| 9:23 | Create | Villager (Male) |
| 9:43 | Create | Villager (Male) |
| 9:50 | Build | Mining Camp |
| 11:07 | Build | Lumber Camp |
| 11:11 | Create | Villager (Male) |
| 12:05 | Create | Villager (Male) |
| 12:06 | Build | House |
| 12:10 | Research | Feudal Age |
| 12:25 | Create | Villager (Male) |
| 12:26 | Create | Villager (Male) |
| 12:50 | Build | House |
| 12:57 | Build | House |
| 13:02 | Build | House |
| 13:10 | Create | Villager (Male) |
| 13:10 | Create | Villager (Male) |
| 13:21 | Create | Villager (Male) |
| 14:46 | Age | Feudal Age |
| 14:52 | Build | Blacksmith |
| 15:13 | Build | Market |
| 15:36 | Build | House |
| 15:44 | Build | Palisade Wall |
| 15:52 | Create | Villager (Male) |
| 15:57 | Build | House |
| 16:18 | Research | Castle Age |
| 16:24 | Research | Double-Bit Axe |
| 16:29 | Build | Barracks |
| 16:49 | Create | Villager (Male) |
| 17:23 | Create | Villager (Male) |
| 17:36 | Create | Spearman |
| 17:43 | Build | House |
| 18:58 | Age | Castle Age |
| 19:05 | Build | Town Center |
| 19:10 | Build | Town Center |
| 19:20 | Create | Villager (Male) |
| 19:38 | Create | Villager (Male) |
| 19:40 | Build | Archery Range |
| 20:19 | Research | Fletching |
| 20:33 | Create | Villager (Male) |
| 20:34 | Create | Villager (Male) |
| 20:35 | Create | Villager (Male) |
| 20:48 | Create | Villager (Male) |
| 20:52 | Create | Skirmisher |
| 20:55 | Build | Archery Range |
| 20:59 | Create | Villager (Male) |
Build order — 我在帝国里面修仙
136 actions detected in the replay
| 1:04 | Build | Town Center |
| 2:06 | Build | House |
| 2:49 | Build | House |
| 3:06 | Create | Villager (Male) |
| 3:07 | Create | Villager (Male) |
| 3:07 | Create | Villager (Male) |
| 3:08 | Create | Villager (Male) |
| 3:09 | Create | Villager (Male) |
| 3:44 | Build | Palisade Wall |
| 4:46 | Create | Villager (Male) |
| 4:46 | Create | Villager (Male) |
| 4:46 | Create | Villager (Male) |
| 5:14 | Build | House |
| 5:27 | Build | Lumber Camp |
| 5:57 | Build | House |
| 6:02 | Build | House |
| 6:07 | Create | Villager (Male) |
| 6:07 | Create | Villager (Male) |
| 6:08 | Create | Villager (Male) |
| 6:20 | Research | Loom |
| 6:20 | Create | Villager (Male) |
| 6:21 | Create | Villager (Male) |
| 6:21 | Create | Villager (Male) |
| 6:47 | Build | House |
| 6:57 | Create | Villager (Male) |
| 6:57 | Create | Villager (Male) |
| 7:20 | Build | House |
| 7:43 | Create | Villager (Male) |
| 7:58 | Create | Villager (Male) |
| 8:16 | Build | Mill |
| 9:01 | Research | Feudal Age |
| 10:23 | Build | Barracks |
| 11:03 | Create | Villager (Male) |
| 11:04 | Create | Villager (Male) |
| 11:12 | Age | Feudal Age |
| 11:32 | Build | Stable |
| 11:40 | Create | Villager (Male) |
| 12:07 | Create | Villager (Male) |
| 12:10 | Research | Double-Bit Axe |
| 12:12 | Build | House |
| 12:14 | Create | Scout Cavalry |
| 12:14 | Create | Scout Cavalry |
| 12:15 | Create | Scout Cavalry |
| 12:15 | Create | Scout Cavalry |
| 12:40 | Build | Mill |
| 12:43 | Build | House |
| 12:55 | Build | House |
| 13:07 | Create | Scout Cavalry |
| 13:26 | Create | Scout Cavalry |
| 13:27 | Create | Villager (Male) |
| 13:36 | Build | Blacksmith |
| 13:51 | Create | Villager (Male) |
| 13:57 | Build | House |
| 14:11 | Create | Villager (Male) |
| 14:35 | Create | Villager (Male) |
| 15:03 | Create | Villager (Male) |
| 15:06 | Research | Forging |
| 15:08 | Build | House |
| 15:09 | Create | Villager (Male) |
| 15:14 | Build | Mill |
| 15:40 | Create | Villager (Male) |
| 15:50 | Build | Palisade Gate |
| 15:56 | Create | Villager (Male) |
| 16:34 | Create | Villager (Male) |
| 16:51 | Build | Farm |
| 16:54 | Create | Villager (Male) |
| 16:56 | Research | Horse Collar |
| 17:46 | Build | Farm |
| 17:48 | Build | Farm |
| 17:48 | Create | Villager (Male) |
| 17:49 | Create | Villager (Male) |
| 17:49 | Create | Villager (Male) |
| 18:22 | Create | Villager (Male) |
| 18:24 | Build | Farm |
| 18:25 | Build | Farm |
| 18:26 | Build | Farm |
| 18:55 | Build | Farm |
| 18:56 | Build | Farm |
| 19:04 | Create | Villager (Male) |
| 19:28 | Build | Mining Camp |
| 19:54 | Research | Scale Barding Armor |
| 19:56 | Create | Villager (Male) |
| 20:16 | Create | Villager (Male) |
| 20:27 | Create | Villager (Male) |
| 20:50 | Research | Castle Age |
| 20:59 | Research | Gold Mining |
| 21:35 | Build | House |
| 21:58 | Research | Bloodlines |
| 23:51 | Age | Castle Age |
| 23:55 | Research | Light Cavalry (upgrade) |
| 23:55 | Research | Husbandry |
| 23:58 | Research | Wheelbarrow |
| 24:02 | Build | Town Center |
| 24:21 | Build | Town Center |
| 24:28 | Research | Bow Saw |
| 24:39 | Build | Town Center |
| 25:20 | Create | Villager (Male) |
| 25:20 | Create | Villager (Male) |
| 25:21 | Create | Villager (Male) |
| 25:21 | Create | Villager (Male) |
| 25:24 | Build | Farm |
| 25:28 | Build | Farm |
| 25:31 | Build | Farm |
| 25:36 | Create | Villager (Male) |
| 25:46 | Create | Villager (Male) |
| 25:46 | Create | Villager (Male) |
| 25:56 | Build | Lumber Camp |
| 26:00 | Create | Villager (Male) |
| 26:37 | Create | Villager (Male) |
| 26:37 | Create | Villager (Male) |
| 26:51 | Create | Scout Cavalry |
| 26:55 | Create | Villager (Male) |
| 26:55 | Create | Villager (Male) |
| 26:55 | Create | Villager (Male) |
| 27:11 | Create | Villager (Male) |
| 27:12 | Create | Villager (Male) |
| 27:21 | Build | Farm |
| 27:26 | Create | Villager (Male) |
| 27:29 | Create | Villager (Male) |
| 27:53 | Build | Town Center |
| 27:56 | Create | Villager (Male) |
| 27:57 | Create | Villager (Male) |
| 27:58 | Create | Villager (Male) |
| 28:07 | Create | Villager (Male) |
| 28:08 | Create | Villager (Male) |
| 28:13 | Create | Villager (Male) |
| 28:21 | Create | Villager (Male) |
| 28:32 | Research | Hand Cart |
| 28:34 | Create | Villager (Male) |
| 29:50 | Build | Farm |
| 29:56 | Build | Farm |
| 30:09 | Build | Farm |
| 30:16 | Build | Castle |
| 30:24 | Build | Monastery |
| 31:32 | Research | Imperial Age |
| 31:33 | Research | Imperial Age |
Build order — Requi3m
90 actions detected in the replay
| 0:39 | Build | Town Center |
| 2:38 | Create | Villager (Male) |
| 2:38 | Create | Villager (Male) |
| 2:38 | Create | Villager (Male) |
| 2:39 | Create | Villager (Male) |
| 2:40 | Create | Villager (Male) |
| 2:54 | Build | House |
| 3:43 | Create | Villager (Male) |
| 3:44 | Create | Villager (Male) |
| 4:16 | Create | Villager (Male) |
| 4:16 | Create | Villager (Male) |
| 4:35 | Create | Villager (Male) |
| 4:35 | Create | Villager (Male) |
| 4:38 | Build | Mill |
| 4:45 | Build | Lumber Camp |
| 4:54 | Build | House |
| 5:01 | Create | Villager (Male) |
| 5:01 | Create | Villager (Male) |
| 5:39 | Create | Villager (Male) |
| 5:39 | Create | Villager (Male) |
| 5:45 | Research | Loom |
| 5:47 | Create | Villager (Male) |
| 5:47 | Create | Villager (Male) |
| 5:47 | Create | Villager (Male) |
| 6:39 | Build | House |
| 6:43 | Create | Villager (Male) |
| 7:28 | Create | Villager (Male) |
| 7:48 | Create | Villager (Male) |
| 8:10 | Build | Mill |
| 8:19 | Create | Villager (Male) |
| 8:35 | Create | Villager (Male) |
| 8:35 | Create | Villager (Male) |
| 8:43 | Build | House |
| 9:10 | Create | Villager (Male) |
| 9:31 | Create | Villager (Male) |
| 10:37 | Create | Villager (Male) |
| 10:38 | Create | Villager (Male) |
| 10:57 | Create | Villager (Male) |
| 11:00 | Build | Mill |
| 11:12 | Build | Mining Camp |
| 11:46 | Research | Feudal Age |
| 12:16 | Build | House |
| 13:10 | Create | Villager (Male) |
| 13:10 | Create | Villager (Male) |
| 13:40 | Build | Barracks |
| 14:03 | Age | Feudal Age |
| 14:08 | Build | Market |
| 14:32 | Build | Blacksmith |
| 14:41 | Build | Palisade Wall |
| 14:45 | Build | House |
| 15:04 | Research | Castle Age |
| 15:04 | Research | Castle Age |
| 15:15 | Create | Spearman |
| 15:38 | Build | Lumber Camp |
| 16:02 | Research | Double-Bit Axe |
| 16:30 | Create | Villager (Male) |
| 16:30 | Create | Villager (Male) |
| 17:44 | Age | Castle Age |
| 17:48 | Build | Castle |
| 17:53 | Create | Villager (Male) |
| 18:02 | Create | Villager (Male) |
| 18:25 | Build | Town Center |
| 18:36 | Create | Villager (Male) |
| 18:46 | Build | Palisade Wall |
| 18:51 | Create | Villager (Male) |
| 19:04 | Create | Spearman |
| 19:21 | Create | Camel Archer |
| 19:21 | Create | Camel Archer |
| 19:25 | Create | Villager (Male) |
| 19:26 | Create | Villager (Male) |
| 19:27 | Create | Villager (Male) |
| 19:27 | Create | Villager (Male) |
| 19:27 | Create | Villager (Male) |
| 19:44 | Build | Farm |
| 19:56 | Build | Farm |
| 20:07 | Create | Camel Archer |
| 20:08 | Create | Camel Archer |
| 20:19 | Research | Fletching |
| 20:21 | Build | Farm |
| 20:26 | Build | Farm |
| 20:28 | Build | Farm |
| 20:37 | Create | Camel Archer |
| 21:33 | Create | Villager (Male) |
| 21:33 | Create | Villager (Male) |
| 21:34 | Create | Villager (Male) |
| 21:37 | Build | Stable |
| 21:43 | Create | Villager (Male) |
| 21:44 | Create | Villager (Male) |
| 21:56 | Build | Town Center |
| 22:09 | Build | Farm |
Match timeline
| 3:44 | 我在帝国里面修仙 · wall_segment Palisade Wall x1 |
| 10:18 | KING SPARTACUS · first_building Barracks |
| 10:23 | 我在帝国里面修仙 · first_building Barracks |
| 11:12 | 我在帝国里面修仙 · age_up feudal |
| 11:19 | AeiRei · first_building Barracks |
| 11:25 | Dance Jimmy Dance! · wall_segment Palisade Wall x1 |
| 11:32 | 我在帝国里面修仙 · first_building Stable |
| 12:05 | 安心 · first_building Barracks |
| 12:24 | AeiRei · age_up feudal |
| 12:31 | AeiRei · first_building Archery Range |
| 12:44 | 安心 · age_up feudal |
| 13:32 | KING SPARTACUS · wall_segment Palisade Wall x1 |
| 13:38 | 安心 · first_building Stable |
| 13:40 | Requi3m · first_building Barracks |
| 13:41 | KING SPARTACUS · wall_segment Palisade Wall x5 |
| 13:50 | KING SPARTACUS · wall_segment Palisade Wall x1 |
| 13:51 | KING SPARTACUS · wall_segment Palisade Wall x1 |
| 14:01 | KING SPARTACUS · wall_segment Palisade Wall x1 |
| 14:02 | KING SPARTACUS · wall_segment Palisade Wall x1 |
| 14:03 | Requi3m · age_up feudal |
| 14:03 | KING SPARTACUS · wall_segment Palisade Wall x1 |
| 14:04 | KING SPARTACUS · age_up feudal |
| 14:07 | Dance Jimmy Dance! · age_up feudal |
| 14:12 | KING SPARTACUS · first_building Archery Range |
| 14:41 | Requi3m · wall_segment Palisade Wall x3 |
| 14:46 | Baratticus · age_up feudal |
| 15:15 | Guts · age_up feudal |
| 15:40 | Dance Jimmy Dance! · first_building Barracks |
| 15:44 | Baratticus · wall_segment Palisade Wall x1 |
| 16:04 | Dance Jimmy Dance! · first_building Stable |
| 16:29 | Baratticus · first_building Barracks |
| 16:57 | AeiRei · age_up castle |
| 17:23 | Guts · wall_segment Palisade Wall x1 |
| 17:35 | Guts · wall_segment Palisade Wall x1 |
| 17:44 | Requi3m · age_up castle |
| 17:48 | Requi3m · first_building Castle |
| 17:50 | Guts · wall_segment Palisade Wall x1 |
| 17:51 | Guts · wall_segment Palisade Wall x1 |
| 17:53 | Guts · wall_segment Palisade Wall x1 |
| 17:54 | Dance Jimmy Dance! · age_up castle |
| 18:02 | Guts · wall_segment Palisade Wall x1 |
| 18:16 | Dance Jimmy Dance! · wall_segment Palisade Wall x1 |
| 18:16 | AeiRei · first_building Stable |
| 18:19 | Guts · first_building Barracks |
| 18:21 | Guts · wall_segment Palisade Wall x1 |
| 18:35 | Guts · wall_segment Palisade Wall x1 |
| 18:37 | Guts · wall_segment Palisade Wall x1 |
| 18:46 | Requi3m · wall_segment Palisade Wall x1 |
| 18:52 | 安心 · age_up castle |
| 18:54 | Guts · age_up castle |
| 18:58 | Baratticus · age_up castle |
| 19:29 | 安心 · wall_segment Palisade Wall x1 |
| 19:31 | 安心 · wall_segment Palisade Wall x1 |
| 19:38 | Guts · first_market_sell 500 stone |
| 19:40 | Baratticus · first_building Archery Range |
| 19:58 | Guts · first_building Monastery |
| 20:36 | 安心 · first_building Castle |
| 21:10 | KING SPARTACUS · resign |
| 21:37 | Requi3m · first_building Stable |
| 21:52 | Guts · first_market_buy 100 wood |
| 21:59 | Guts · first_building Archery Range |
| 23:51 | 我在帝国里面修仙 · age_up castle |
| 23:52 | Guts · age_up imperial |
| 25:18 | Dance Jimmy Dance! · first_building Monastery |
| 27:57 | Dance Jimmy Dance! · wall_segment Palisade Wall x1 |
| 30:16 | 我在帝国里面修仙 · first_building Castle |
| 30:24 | 我在帝国里面修仙 · first_building Monastery |
[ AI ANALYSIS · 1 CREDIT ]
What really happened in this match?
Wolo.gg analyzes every decision: build order, eco, micro, common mistakes by bracket. Personalized analysis on WhatsApp or Discord in 30 seconds.
Civ guide
Romans
Map guide
African Clearing
Perfil
ObsidiaN